AoeStats
← guarnere44

Nomad

509457502Analyzed
4v4 RM · 4d ago on Sep 26, 2026· 21m 18s· 8 players
Game mode
Random Map
Map size
231×231
Population
200
Speed
Normal
Resources
Standard
Victory
Conquest
Starting age
Dark Age
Ending age
Imperial Age
RankedLock teamsTeams togetherTeam positionsShared explorationLock speedFull tech treeHidden civsTurbo modeCheats
Victory
Defeat
1627
+10
🇫🇷 Persians · France
1598
+11
🇳🇱 Lithuanians · Netherlands
1475
+16
🇫🇷 Italians · France
1454
+17
🇺🇸 Wu · United States
1552
-16
🇨🇿 Koreans · Czechia
1492
-14
🇺🇸 Vietnamese · United States
1447
-12
🇹🇷 Britons · Türkiye
1443
-12
Bananaman651
5:37 Loom
14:18 Feudal Age
15:45 Town Watch
15:53 Fishing Lines
19:03 Castle Age
17:01 Double-Bit Axe
20:14 Bow Saw
20:20 Gillnets
22:27 Wheelbarrow
Yellowping
4:57 Loom
12:07 Feudal Age
16:04 Castle Age
14:35 Double-Bit Axe
15:05 Fletching
16:50 Bodkin Arrow
17:23 Medium Warships
19:01 Wheelbarrow
19:45 Bow Saw
20:28 Horse Collar
Alt+F4 | Popo
12:27 Feudal Age
13:20 Loom
16:35 Castle Age
15:07 Double-Bit Axe
15:16 Gold Mining
17:46 Fletching
18:21 Medium Warships
Alt+F4 | Haise
4:34 Loom
13:55 Feudal Age
17:33 Castle Age
15:50 Forging
16:40 Double-Bit Axe
17:47 Scale Mail Armor
18:37 Bow Saw
18:09 Horse Collar
19:28 Chain Mail Armor
Hugo4774
4:48 Loom
13:07 Feudal Age
16:44 Castle Age
15:22 Double-Bit Axe
17:12 Fishing Lines
18:37 Wheelbarrow
17:49 Town Watch
[AHOU] Ezio Auditore Da Firenze
4:01 Loom
13:16 Feudal Age
17:34 Castle Age
16:35 Padded Archer Armor
17:11 Double-Bit Axe
18:37 Town Watch
21:33 Padded Archer Armor
21:53 Husbandry
guarnere44
6:14 Loom
13:39 Feudal Age
14:21 Double-Bit Axe
16:04 Forging
21:23 Castle Age
19:19 Fishing Lines
Sac a dos
4:01 Loom
13:40 Feudal Age
17:45 Castle Age
16:07 Double-Bit Axe
18:57 Gold Mining
Connection lost

Rejoining the realm…

Still unreachable

The connection could not be restored.

Session expired

The server has moved on; the page needs a fresh start.